 Dungeon Crawl Stone Soup version 0.29-a0-322-g68df515428 (webtiles) character file.

Game seed: 11332703522533197116

187 YayAnonymity the Skirmisher (level 5, -1/42 HPs)
             Began as a Human Monk on Apr 6, 2022.
             Killed from afar by an orc wizard (6 damage)
             ... with a puff of flame
             ... on level 3 of the Dungeon.
             The game lasted 00:06:10 (3651 turns).

YayAnonymity the Skirmisher (Human Monk)            Turns: 3651, Time: 00:06:11

Health: -1/42      AC:  7    Str: 14    XL:     5   Next: 99%
Magic:  5/5        EV: 10    Int: 10    God:
Gold:   159        SH:  0    Dex: 15    Spells: 4/4 levels left

rFire   . . .      SeeInvis .   a - +1 spear
rCold   . . .      Faith    .   (no shield)
rNeg    . . .      Spirit   .   t - +0 scale mail
rPois   .          Reflect  .   m - +0 helmet
rElec   .          Harm     .   (no cloak)
rCorr   .          Rampage  .   (no gloves)
Will    .....                   (no boots)
Stlth   +.........              (no amulet)
HPRegen 0.14/turn               d - ring of flight
MPRegen 0.09/turn               (no ring)

@: flying
A: no striking features
a: no special abilities


You were on level 3 of the Dungeon.
You visited 1 branch of the dungeon, and saw 3 of its levels.

You collected 159 gold pieces.

Inventory:

Hand Weapons
 a - a +1 spear (weapon)
 j - a +2 hunting sling of flaming
Armour
 m - a +0 helmet (worn)
 t - a +0 scale mail (worn)
Jewellery
 d - a ring of flight (left hand)
Scrolls
 f - a scroll of noise {unknown}
 g - a scroll of teleportation {unknown}
 i - a scroll of holy word
 o - a scroll of enchant weapon
 q - a scroll of magic mapping {unknown}
 r - a scroll of amnesia {unknown}
Potions
 b - a potion of might
 c - a potion of ambrosia
 e - a potion of attraction
 h - a potion of mutation {unknown}
 k - a potion of flight {unknown}
 l - a potion of berserk rage {unknown}
 n - a potion of invisibility {unknown}
 p - 3 potions of brilliance {unknown}


   Skills:
 + Level 4.2 Fighting
 + Level 4.1 Polearms
 + Level 1.2 Slings
 + Level 2.7 Armour
 - Level 3.0 Dodging
 - Level 2.0 Stealth


You had 4 spell levels left.
You didn't know any spells.
Your spell library contained the following spells:

 Spells                   Type           Power      Damage    Failure   Level
 Corpse Rot               Necr/Air       0%         N/A       93%         2
 Poisonous Vapours        Pois/Air       0%         N/A       93%         2
 Tukima's Dance           Hex            0%         N/A       99%         3
 Anguish                  Hex/Necr       0%         N/A       100%        4
 Enfeeble                 Hex            0%         N/A       100%        7


Dungeon Overview and Level Annotations

Branches:
Dungeon (3/15)

Altars:
Nemelex Xobeh

Annotations:
D:3 Grinder, Sigmund


Message History

Something hits you but does no damage. The orc hits you but does no damage.
You are too injured to fight recklessly!
You are too injured to fight recklessly!
Your +2 hunting sling of flaming stops flaming.
a - a +1 spear (weapon)
You hit the orc.
The orc is almost dead.
The orc hits you but does no damage. Something hits you but does no damage.
You hit the orc.
You kill the orc!
Something hits you.
You miss something.
You hear some strange, mumbled words.
A magic dart appears from out of thin air!
The magic dart hits you.
You closely miss something. Something hits you but does no damage.
You hit something.
You hear some strange, mumbled words.
A magic dart appears from out of thin air!
The magic dart hits you.
* * * LOW HITPOINT WARNING * * *
You hit something. You miss something. Something hits you.
* * * LOW HITPOINT WARNING * * *
You barely miss something. Something hits you but does no damage.
You barely miss something. Something hits you.
* * * LOW HITPOINT WARNING * * *
You hit something.
You hear some strange, mumbled words.
A magic dart appears from out of thin air!
The magic dart hits you.
* * * LOW HITPOINT WARNING * * *
You barely miss something. Something hits you but does no damage.
You hit something. Something hits you but does no damage.
You miss something. Something hits you but does no damage.
You closely miss something.
You hear some strange, mumbled words.
A puff of flame appears from out of thin air!
The puff of flame hits you.
You die...

#####.#.##.####..#
#..#..#.....# ..#.##.......#
#..#######..#
..#.########.###..........>#
.............###########
..######.#######
................
..#####.#######. #.......#.
#.@)...... ##.{....##
#........ ######).. .. .


There were no monsters in sight!

Vanquished Creatures
  An orc priest (D:2)
  Robin (D:2)
  3 adders
  3 gnolls (D:3)
  A dart slug (D:1)
  4 orcs
  8 bats
  4 endoplasms
  3 giant cockroaches
  7 goblins
  16 hobgoblins
  6 jackals
  A quokka (D:1)
  8 ball pythons
  3 frilled lizards (D:1)
  4 kobolds
  6 rats
79 creatures vanquished.

Notes
Turn   | Place    | Note
-------+----------+-------------------------------------------
     0 | D:1      | YayAnonymity the Human Monk began the quest for the Orb.
     0 | D:1      | Reached XP level 1. HP: 18/18 MP: 1/1
   179 | D:1      | Reached XP level 2. HP: 24/24 MP: 2/2
   462 | D:1      | Reached skill level 1 in Armour
   486 | D:1      | Reached XP level 3. HP: 13/29 MP: 3/3
  1382 | D:2      | Reached XP level 4. HP: 26/36 MP: 4/4
  1771 | D:2      | Noticed Robin
  1779 | D:2      | Killed Robin
  1936 | D:2      | Found a sparkling altar of Nemelex Xobeh.
  2088 | D:2      | Found a faded altar of an unknown god.
  2410 | D:3      | Reached XP level 5. HP: 42/42 MP: 5/5
  2547 | D:3      | Noticed Grinder
  3338 | D:3      | Reached skill level 1 in Slings
  3567 | D:3      | Noticed Sigmund
  3651 | D:3      | Killed from afar by an orc wizard

Illustrated notes

Levels and vault maps discovered:
D:1:      dpeg_arrival_rooms_a, layout_loops_ring
D:2:      layout_basic, dilly_ecumenical_altar_fadedgnrine, basic_altar,
          dreamdust_wishing_well, uniq_robin
D:3:      layout_basic, minmay_misc_feat_square, uniq_sigmund, uniq_grinder

Skill      XL: |  1  2  3  4  5 |
---------------+----------------+-----
Armour         | 1 2 |  2.7
Fighting       | 4 |  4.2
Polearms       | 4 |  4.1
Slings         | 1 |  1.2
Dodging        | |  3.0
Stealth        | |  2.0

Action                   |  1- 3 |  4- 6 || total
-------------------------+-------+-------++-------
Melee: Spear             |   171 |    34 ||   205
       War axe           |       |     3 ||     3
       Punch             |       |     1 ||     1
 Fire: Hunting sling     |       |    93 ||    93
  Use: Scroll            |       |     5 ||     5
 Stab: Sleeping          |     3 |     1 ||     4
Armor: Robe              |     4 |       ||     4
       Ring mail         |    39 |    14 ||    53
       Leather armour    |     3 |       ||     3
       Scale mail        |       |    16 ||    16
Dodge: Dodged            |    98 |    48 ||   146

Table legend: (Time is in decaauts)
 A = Elapsed time spent in this place.
 B = Non-inter-level travel time spent in this place.
 C = Inter-level travel time spent in this place.
 D = Time resting spent in this place.
 E = Time spent auto-exploring this place.
 F = Levels seen in this place.
 G = Mean time per level.
                   A        B        C        D        E       F      G
               +--------+--------+--------+--------+--------+-----+--------+
         Total |   3698 |   3582 |    116 |    573 |   2289 |   3 | 1232.7 |
       Dungeon |   3698 |   3582 |    116 |    573 |   2289 |   3 | 1232.7 |
               +--------+--------+--------+--------+--------+-----+--------+

Top non-repeatable levels by time:
     D:2: 1601 daAuts
     D:1: 1354 daAuts
     D:3: 742 daAuts
